 Dungeon Crawl Stone Soup version 0.29-a0-22-gbf593b16ee (webtiles) character file.

Game seed: 2523587552230476893

163 Orangeyouglad the Sneak (level 5, -3/28 HPs)
             Began as a Vampire Enchanter on Jan 29, 2022.
             Killed from afar by an orc wizard (7 damage)
             ... with a puff of flame
             ... on level 3 of the Dungeon.
             The game lasted 00:06:49 (2289 turns).

Orangeyouglad the Sneak (Vampire Enchanter)         Turns: 2289, Time: 00:06:49

Health: -3/28      AC:  4    Str:  9    XL:     5   Next: 20%
Magic:  9/9        EV: 13    Int: 18    God:
Gold:   68         SH:  0    Dex: 14    Spells: 6/9 levels left

rFire   . . .      SeeInvis +   j - +1 dagger (elec)
rCold   + + .      Faith    .   (no shield)
rNeg    + + +      Spirit   .   b - +0 robe
rPois   ∞          Reflect  .   (no helmet)
rElec   .          Harm     .   (no cloak)
rCorr   .          Rampage  .   d - +0 pair of gloves
Will    .....                   h - +0 pair of boots
Stlth   +++++.....              (no amulet)
HPRegen 0.00/turn               (no ring)
MPRegen 0.11/turn               (no ring)

@: bloodless, inhibited regen
A: bloodless, fangs 3, see invisible, vampiric 2
a: Bat Form, Revivify


You were on level 3 of the Dungeon.
You visited 1 branch of the dungeon, and saw 3 of its levels.

You collected 68 gold pieces.

Inventory:

Hand Weapons
 g - a +1 antimagic short sword
 j - a +1 dagger of electrocution (weapon)
Missiles
 e - 7 poisoned darts (quivered)
Armour
 b - a +0 robe (worn)
 d - a +0 pair of gloves (worn)
 h - a +0 pair of boots (worn)
Scrolls
 a - a scroll of fog {unknown}
Potions
 c - a potion of invisibility
 f - a potion of brilliance {unknown}
 i - 4 potions of curing {unknown}
 k - a potion of ambrosia {unknown}


   Skills:
 + Level 2.5 Short Blades
 + Level 3.3 Dodging
 + Level 5.7 Stealth
 + Level 2.8 Spellcasting
 + Level 5.4 Hexes


You had 6 spell levels left.
You knew the following spells:

 Your Spells              Type           Power      Damage    Failure   Level
a - Confusing Touch       Hex            22%        N/A       5%          3

Your spell library contained the following spells:

 Spells                   Type           Power      Damage    Failure   Level
 Tukima's Dance           Hex            22%        N/A       5%          3
 Ensorcelled Hibernation  Hex/Ice        24%        N/A       9%          2
 Dazzling Flash           Conj/Hex       24%        N/A       16%         3


Dungeon Overview and Level Annotations

Branches:
Dungeon (3/15)

Altars:

Annotations:
D:3 2 transporters, Chago123's ghost, amateur MiMo


Innate Abilities, Weirdness & Mutations

You do not regenerate when monsters are visible.
You are frail without blood (-20% HP).
You can heal yourself when you bite living creatures.
You are immune to poison.
You have razor-sharp teeth.
You have supernaturally acute eyesight. (SInv)
You are afflicted with vampirism and can become a bat while bloodless.


Message History

There is an escape hatch in the floor here.
The bat hits you but does no damage. The bat closely misses you.
The bat misses you. The bat closely misses you. The bat barely misses you.
The bat closely misses you. The bat closely misses you. The bat misses you.
The bat closely misses you. The bat hits you. The bat closely misses you.
The ball python bites you. The ball python closely misses you.
The bat hits you but does no damage. The bat closely misses you.
There is a stone staircase leading up here.
The bat hits you but does no damage. The ball python bites you.
* * * LOW HITPOINT WARNING * * *
The ball python closely misses you. The ball python barely misses you.
The ball python grabs you.
You stop ascending the stairs.
The ball python constricts you.
* * * LOW HITPOINT WARNING * * *
The ball python's grasp on you weakens, but your attempt to escape fails.
The bat hits you but does no damage. The ball python closely misses you.
The ball python constricts you.
You escape the ball python's grasp.
The bat hits you.
* * * LOW HITPOINT WARNING * * *
The bat hits you.
* * * LOW HITPOINT WARNING * * *
The bat misses you. The ball python closely misses you.
The ball python misses you. The bat barely misses you.
The bat hits you but does no damage.
The orc wizard mumbles some strange words.
The orc wizard flickers and vanishes for a moment.
The bat barely misses you.
Okay, then.
The bat misses you. The bat barely misses you.
The orc wizard gestures at you while chanting.
The puff of flame hits you!
You die...

### ### # ######.# #.#.#
.......###########.#.#####
##.###.#........@.........
##<###.#.#######.#b#.####
##.............#.#.S.#
##.###.#.###.#.#.#.#.# ## ##.#
#.#.# #.#.#.#o#.###### #.
##.###.#.###.#.#.#........######.
...................#.#.........#.
###.##.#........o)...####..###.#.
...............................+.


You could see an orc wizard (invisible), a bat and a ball python.

Vanquished Creatures
  A gnoll (D:2)
  9 adders
  A dart slug (D:2)
  An orc (D:3)
  5 bats
  9 endoplasms
  3 giant cockroaches (D:1)
  9 goblins
  5 hobgoblins
  4 jackals (D:1)
  7 ball pythons
  5 frilled lizards
  6 kobolds
  3 rats
68 creatures vanquished.

Vanquished Creatures (others)
  A plant (D:1)
  A withered plant (D:1)
2 creatures vanquished.

Grand Total: 70 creatures vanquished

Notes
Turn   | Place    | Note
-------+----------+-------------------------------------------
     0 | D:1      | Orangeyouglad the Vampire Enchanter began the quest for the
                  | Orb.
     0 | D:1      | Reached XP level 1. HP: 13/13 MP: 3/3
   154 | D:1      | Found a faded altar of an unknown god.
   236 | D:1      | Reached XP level 2. HP: 19/19 MP: 5/5
   654 | D:1      | Gained mutation: You are afflicted with vampirism and can
                  | become a bat while bloodless. [Vampire growth]
   654 | D:1      | Reached XP level 3. HP: 23/24 MP: 6/6
   663 | D:1      | Learned a level 3 spell: Confusing Touch
   826 | D:1      | Reached skill level 5 in Stealth
  1022 | D:2      | Reached skill level 5 in Hexes
  1025 | D:2      | Reached XP level 4. HP: 23/24 MP: 7/7
  1879 | D:2      | Reached XP level 5. HP: 19/28 MP: 5/9
  2009 | D:3      | Noticed Chago123's ghost (amateur MiMo)
  2010 | D:3      | Noticed an ogre
  2012 | D:3      | Found a transporter.
  2021 | D:3      | Found a transporter.
  2289 | D:3      | Killed from afar by an orc wizard

Illustrated notes

Levels and vault maps discovered:
D:1:      dpeg_arrival_arbitrary_b, layout_basic,
          shapermc_ecumenical_altar_flowoftime
D:2:      layout_basic, chequers_serial_rivers_micro_e
D:3:      wad_crossroads, layout_basic, gammafunk_ghost_arena,
          minmay_stone_trees_medium

Skill      XL: |  1  2  3  4 |
---------------+-------------+-----
Stealth        | 5 |  5.7
Short Blades   | 2 |  2.5
Hexes          | 5 |  5.4
Dodging        | 3 |  3.3
Spellcasting   | |  2.8

Action                   |  1- 3 |  4- 6 || total
-------------------------+-------+-------++-------
Melee: Dagger            |   128 |    86 ||   214
       Bite              |    13 |     6 ||    19
       Punch             |       |     2 ||     2
Throw: Dart              |    10 |     5 ||    15
 Cast: Confusing Touch   |     1 |     3 ||     4
 Abil: Exsanguinate      |     1 |       ||     1
 Stab: Sleeping          |     6 |    10 ||    16
       Confused          |       |     2 ||     2
Armor: Robe              |    24 |    25 ||    49
Dodge: Dodged            |    75 |    87 ||   162

Table legend: (Time is in decaauts)
 A = Elapsed time spent in this place.
 B = Non-inter-level travel time spent in this place.
 C = Inter-level travel time spent in this place.
 D = Time resting spent in this place.
 E = Time spent auto-exploring this place.
 F = Levels seen in this place.
 G = Mean time per level.
                   A        B        C        D        E       F      G
               +--------+--------+--------+--------+--------+-----+--------+
         Total |   2269 |   2207 |     62 |    114 |   1268 |   3 |  756.3 |
       Dungeon |   2269 |   2207 |     62 |    114 |   1268 |   3 |  756.3 |
               +--------+--------+--------+--------+--------+-----+--------+

Top non-repeatable levels by time:
     D:2: 969 daAuts
     D:1: 918 daAuts
     D:3: 381 daAuts
